 Dungeon Crawl Stone Soup version 0.23.0-33-g5e6c059 (webtiles) character file.

Game seed: 6729767769043686828

305 Borgoz the Ruffian (level 6, 0/51 HPs)
             Began as a Ghoul Warper on Feb 26, 2019.
             Slain by Ijyb
             ... wielding a +0 dagger
              (4 damage)
             ... on level 3 of the Dungeon.
             The game lasted 00:06:54 (2651 turns).

Borgoz the Ruffian (Ghoul Warper)                   Turns: 2651, Time: 00:06:55

Health: 0/51       AC:  0    Str: 20    XL:     6   Next: 39%
Magic:  7/7        EV: 13    Int:  8    God:
Gold:   96         SH:  4    Dex: 10    Spells: 8/8 levels left

rFire    . . .     SeeInvis .     - Unarmed
rCold    + . .     Gourm    .   (no shield)
rNeg     + + +     Faith    .   a - +0 leather armour
rPois    ∞         Spirit   .   (no helmet)
rElec    .         Reflect  +   (no cloak)
rCorr    .         Harm     .   (no gloves)
MR       .....                  (no boots)
Stlth    +.........             m - +4 amulet of reflection
HPRegen  0.00/turn              (no ring)
MPRegen  0.10/turn              (no ring)

@: mighty, corroded, rotting
A: rotting body, claws 1, carnivore, cold resistance 1, negative energy
resistance 3, inhibited regeneration, torment resistance, unbreathing
a: no special abilities


You were on level 3 of the Dungeon.
You were not hungry.

You visited 1 branch of the dungeon, and saw 4 of its levels.

You collected 96 gold pieces.

Inventory:

Missiles
 d - 5 tomahawks of dispersal (quivered)
Armour
 a - a +0 leather armour (worn)
Jewellery
 k - an uncursed amulet of regeneration
 m - a +4 amulet of reflection (around neck)
Wands
 j - a wand of flame (11)
Scrolls
 c - a scroll of blinking
 g - a scroll of remove curse
Potions
 b - a potion of might
 e - 2 potions of heal wounds {unknown}
 h - a potion of ambrosia {unknown}
 i - 2 potions of curing {unknown}
 n - a potion of degeneration {unknown}
Comestibles
 f - 8 rations


   Skills:
 + Level 3.5 Fighting
 - Level 0.8 Throwing
 + Level 2.3 Armour
 * Level 3.6 Dodging
 * Level 4.4 Unarmed Combat
 - Level 1.7 Spellcasting
   Level 2.6 Translocations


You had 8 spell levels left.
You didn't know any spells.
Your spell library contained the following spells:

 Spells                   Type           Power        Failure   Level  Hunger
 Blink                    Tloc           N/A          22%         2    ###....
 Shroud of Golubria       Chrm/Tloc      #.........   36%         2    ###....
 Gell's Gravitas          Tloc           #.........   38%         3    ####...
 Lesser Beckoning         Tloc           #.........   38%         3    ####...
 Teleport Other           Tloc           #.......     38%         3    ####...
 Passage of Golubria      Tloc           N/A          80%         4    #####..


Dungeon Overview and Level Annotations

Branches:
Dungeon (4/15)
 Temple: D:4-7

Altars:
Makhleb

Annotations:
D:3 Ijyb


Innate Abilities, Weirdness & Mutations

Your body is rotting away.
You thrive on raw meat.
You are immune to poison.
You have sharp fingernails.
You are carnivorous and can eat meat at any time.
Your flesh is cold resistant. (rC+)
You are immune to negative energy. (rN+++)
You do not regenerate when monsters are visible.
You are immune to unholy pain and torment.
You can survive without breathing.


Message History

Ijyb completely misses you.
You barely miss Ijyb.
Ijyb is moderately wounded.
Ijyb hits you with a +0 dagger.
You claw Ijyb!
Ijyb is severely wounded.
Ijyb zaps a wand.
The bolt of acid hits you! The acid corrodes you!
You are splashed with acid!
* * * LOW HITPOINT WARNING * * *
It was a potion of might.
You feel very mighty all of a sudden. Ijyb misses you.
You barely miss Ijyb.
Ijyb is severely wounded.
Ijyb hits you with a +0 dagger.
* * * LOW HITPOINT WARNING * * *
You barely miss Ijyb.
Ijyb is severely wounded.
Ijyb hits you with a +0 dagger.
You die...

### #### #.. ..# ######
#########.# #.# ......
.......##.####.## ......# ##
######.##.#.....##........ .#
######.##.#.###.@g........#.#
##.....)....# #.##..........#
##.###.##.#.# #.# ..... #g#
##.# #.##.#.....# .... #.##
##.###.##......## ### #..#
.......######.## ##.#
##..#### #.# #.# ##..# ##+#
#.# ....# ##...## #.#


You could see Ijyb.

Vanquished Creatures
  A sky beast (D:3)
  An orc priest (D:2)
  Jessica (D:3)
  An orc wizard (D:3)
  4 adders (D:2)
  An ooze (D:1)
  3 worms
  A dart slug (D:1)
  3 leopard geckos
  5 orcs (D:3)
  A giant cockroach (D:1)
  9 goblins
  10 hobgoblins
  7 jackals (D:1)
  2 quokkas
  9 bats
  2 frilled lizards (D:2)
  7 kobolds
  A leopard gecko skeleton (D:4)
  8 rats
77 creatures vanquished.

Vanquished Creatures (others)
  A goblin (D:3)
1 creature vanquished.

Grand Total: 78 creatures vanquished

Notes
Turn   | Place    | Note
-------+----------+-------------------------------------------
     0 | D:1      | Borgoz the Ghoul Warper began the quest for the Orb.
     0 | D:1      | Reached XP level 1. HP: 17/17 MP: 2/2
   221 | D:1      | Reached skill level 1 in Armour
   243 | D:1      | Reached XP level 2. HP: 20/24 MP: 3/3
   414 | D:1      | Reached XP level 3. HP: 26/30 MP: 4/4
   658 | D:1      | Reached skill level 3 in Unarmed Combat
  1032 | D:2      | Found a faded altar of an unknown god.
  1064 | D:2      | Reached XP level 4. HP: 35/37 MP: 5/5
  1078 | D:2      | Found a burning altar of Makhleb.
  1377 | D:3      | Reached XP level 5. HP: 14/45 MP: 6/6
  2095 | D:3      | Noticed Jessica
  2116 | D:3      | Killed Jessica
  2116 | D:3      | Reached skill level 4 in Unarmed Combat
  2310 | D:3      | Noticed Ijyb
  2311 | D:3      | Noticed a sky beast
  2639 | D:3      | Killed a sky beast
  2639 | D:3      | Reached XP level 6. HP: 29/51 MP: 7/7
  2651 | D:3      | Slain by Ijyb

Skill      XL: |  1  2  3  4  5 |
---------------+----------------+-----
Armour         | 1 2 |  2.3
Dodging        | 2 3 |  3.6
Unarmed Combat | 3 4 |  4.4
Fighting       | 3 |  3.5
Throwing       | |  0.8
Spellcasting   | |  1.7
Translocations | |  2.6

Action                   |  1- 3 |  4- 6 || total
-------------------------+-------+-------++-------
Melee: Unarmed           |   153 |   193 ||   346
       Punch             |     1 |     1 ||     2
  Use: Scroll            |       |     3 ||     3
       Potion            |       |     1 ||     1
  Eat: Chunk             |    13 |    22 ||    35
Armor: Leather armour    |    42 |    18 ||    60
Dodge: Dodged            |    93 |    97 ||   190
Block: Other             |       |     8 ||     8
